 Dungeon Crawl Stone Soup version 0.31-a0-1104-g3bd3108e02 (webtiles) character file.

Game seed: 11046275828474177029

530290 Turgor the Skinwalker (level 24, -11/214 HPs)
             Began as a Green Draconian Shapeshifter on Nov 29, 2023.
             Was an Initiate of Gozag.
             Mangled by a tentacled starspawn (19 damage)
             ... while paralysed by accursed screaming
             ... on level 5 of the Abyss on Dec 2, 2023.
             The game lasted 06:43:15 (58137 turns).

Turgor the Skinwalker (DrSh)                       Turns: 58137, Time: 06:43:15

Health: -11/214    AC: 24    Str: 16 (17) XL:     24   Next: 40%
Magic:  37/37      EV:  2    Int: 18 (19) God:    Gozag
Gold:   6152       SH:  0    Dex: 28      Spells: 9/44 levels left

rFire   + .          .
                       - Unarmed
rCold   + + +        b - +0 kite shield {reflect}
rNeg    + + +        (body armour unavailable)
rPois   ∞            T - +2 hat
rElec   +            I - +1 cloak "Miypn" {rC+ Slay+3}
rCorr   .            E - +2 pair of gloves {Dex+3}
SInv    .            B - +0 pair of boots {Stlth+}
Will    ++...        W - amulet of Rosm {+Inv rF+ Regen+}
Stlth   +++          v - ring of the Lotus Blossom {rElec AC+4 Dex+3}
HPRegen 1.35/turn    a - ring "Soligocw" {rC+ rN+ Int+2 Dex+6}
MPRegen 0.25/turn

%: reflection
@: paralysed, brilliant, death-form, hasted, studying 3 skills
A: vile attack, torment immunity, no potions, (breathe noxious fumes), AC +12,
unfitting armour, stinger 1, poison resistance, cold-blooded, screaming 1
}: 3/15 runes: serpentine, barnacled, abyssal
a: Siphon Essence, Begin Untransformation, Renounce Religion, Evoke
Invisibility, Potion Petition, Call Merchant, Bribe Branch


You were on level 5 of the Abyss.
You worshipped Gozag.
Gozag was greatly pleased with you.
You were an undying horror.
You visited 9 branches of the dungeon, and saw 42 of its levels.
You visited the Abyss 3 times.
You visited 1 bazaar.
You also visited: Ossuary and Ice Cave.

You collected 24331 gold pieces.
You spent 9782 gold pieces at shops.
You paid 8397 gold pieces to Gozag.

Inventory:

Missiles
 G - 16 curare-tipped darts (quivered)
Armour
 b - a +0 kite shield of reflection (worn)
 B - a +0 pair of boots of stealth (worn)
 E - a +2 pair of gloves of dexterity (worn)
 I - the +1 cloak "Miypn" (worn) {rC+ Slay+3}
   (You found it on level 1 of the Snake Pit)

   Slay+3:    It affects your accuracy & damage with ranged weapons and melee
   (+3).
   rC+:       It protects you from cold.
 T - a +2 hat (worn)
Magical Staves
 d - the staff of the Eight Stars {rPois Int+3 Poison}
   (You found it on level 3 of the Elven Halls)

   [staff of poison]

   Base accuracy: +5 Base damage: 5 Base attack delay: 1.2 This weapon's minimum
   attack delay (0.6) is reached at skill level 12.
   Int+3:     It affects your intelligence (+3).
   rPois:     It protects you from poison Poison: It increases the power of your
   Poison spells.
   It falls into the 'Staves' category.
   It is a one-handed weapon.
Jewellery
 a - the ring "Soligocw" (right hand) {rC+ rN+ Int+2 Dex+6}
   (You took it off a spriggan air mage on level 3 of the Depths)

   [ring of dexterity]

   Int+2:     It affects your intelligence (+2).
   Dex+6:     It affects your dexterity (+6).
   rC+:       It protects you from cold.
   rN+:       It protects you from negative energy.
 f - the ring "Ateck" {Wiz Str+3 Dex-2 SInv}
   (You found it on level 5 of the Lair of Beasts)

   [ring of wizardry]

   Wiz:       It improves your spell success rate.
   Str+3:     It affects your strength (+3).
   Dex-2:     It affects your dexterity (-2).
   SInv:      It lets you see invisible.
 g - the ring "Heteoli" {rPois rC+ Will+ EV+5}
   (You found it on level 3 of the Depths)

   [ring of evasion]

   EV+5:      It affects your evasion (+5).
   rC+:       It protects you from cold.
   rPois:     It protects you from poison Will+: It increases your willpower.
 m - the ring "Kusuury" {rC+ Str+3}
   (You found it on level 3 of the Elven Halls)

   [ring of protection from cold]

   Str+3:     It affects your strength (+3).
   rC+:       It protects you from cold.
 v - the ring of the Lotus Blossom (left hand) {rElec AC+4 Dex+3}
   (You found it on level 3 of the Elven Halls)

   [ring of protection]

   AC+4:      It affects your AC (+4).
   Dex+3:     It affects your dexterity (+3).
   rElec:     It insulates you from electricity.
 W - the amulet of Rosm (around neck) {+Inv rF+ Regen+}
   (You found it on level 5 of the Lair of Beasts)

   [amulet of regeneration]

   rF+:       It protects you from fire.
   +Inv:      It lets you turn invisible.
   Regen+:    It increases your rate of health regeneration.
Talismans
 M - a dragon-blood talisman
 S - a storm talisman
 V - a granite talisman
 Z - a talisman of death (active)
Wands
 x - a wand of iceblast (10)
 N - a wand of quicksilver (11)
 P - a wand of flame (17)
 X - a wand of mindburst (22)
 Y - a wand of paralysis (34)
Scrolls
 e - 2 scrolls of enchant armour
 j - 4 scrolls of enchant weapon
 l - a scroll of fear
 o - a scroll of revelation
 q - 4 scrolls of teleportation
 r - 9 scrolls of fog
 s - a scroll of blinking
 u - 2 scrolls of vulnerability
 w - 7 scrolls of immolation
 y - 3 scrolls of amnesia
 H - 2 scrolls of poison
 J - 3 scrolls of silence
 Q - 2 scrolls of torment
 U - 2 scrolls of brand weapon
Potions
 h - 6 potions of lignification
 i - 8 potions of heal wounds
 k - 7 potions of might
 n - 4 potions of brilliance
 p - 5 potions of mutation
 z - 2 potions of attraction
 A - 4 potions of magic
 C - 4 potions of invisibility
 F - 8 potions of enlightenment
 K - 2 potions of resistance
 L - 3 potions of haste
 O - a potion of curing
Miscellaneous
 c - a phantom mirror
 D - a box of beasts


   Skills:
 + Level 17.5 Fighting
 - Level 12.0 Dodging
 - Level 15.0 Shields
 + Level 17.2 Unarmed Combat
 + Level 10.5 Spellcasting
 * Level 9.6 Necromancy
 - Level 9.0 Transmutations
 * Level 10.9 Fire Magic
 * Level 10.9 Air Magic
 * Level 9.6 Earth Magic
 - Level 9.0 Poison Magic
 - Level 10.0 Evocations
 - Level 23.0 Shapeshifting


You had 9 spell levels left.
You knew the following spells:

 Your Spells              Type           Power      Damage    Failure   Level
a - Petrify               Tmut/Erth      59%        N/A       2%          4
b - Borgnjor's Vile Clut  Necr/Erth      30%        N/A       7%          5
c - Dispel Undead         Necr           60%        3d21      2%          4
d - Blink                 Tloc           28%        N/A       19%         2
e - Lee's Rapid Deconstr  Erth           30%        3d16*     7%          5
i - Ignite Poison         Fire/Tmut/Pois 60%        N/A       1%          3
o - Olgreb's Toxic Radia  Pois           58%        N/A       3%          4
p - Plasma Beam           Fire/Air       32%        2x1d45    22%         6
w - Wereblood             Tmut           58%        N/A       1%          2

Your spell library contained the following spells:

 Spells                   Type           Power      Damage    Failure   Level
 Foxfire                  Conj/Fire      100%       2x1d9     1%          1
 Kiss of Death            Conj/Necr      100%       2d13      1%          1
 Necrotise                Necr           100%       1d9       1%          1
 Shock                    Conj/Air       100%       1d9       1%          1
 Sting                    Tmut/Pois      100%       1d8       1%          1
 Cigotuvi's Dreadful Rot  Necr/Pois/Air  100%       N/A       1%          2
 Passwall                 Tmut/Erth      49%        N/A       1%          2
 Poisonous Vapours        Pois/Air       100%       N/A       1%          2
 Static Discharge         Conj/Air       86%        3-7/arc   1%          2
 Sublimation of Blood     Necr           60%        N/A       1%          2
 Swiftness                Air            65%        N/A       1%          3
 Vampiric Draining        Necr           60%        2d10      1%          3
 Airstrike                Air            32%        2d(5-21)  1%          4
 Mephitic Cloud           Conj/Pois/Air  50%        N/A       2%          3
 Volatile Blastmotes      Fire/Tloc      86%        2d17      4%          3
 Agony                    Necr           60%        N/A       7%          5
 Alistair's Intoxication  Tmut/Pois      38%        N/A       9%          5
 Apportation              Tloc           28%        N/A       13%         1
 Vhi's Electric Charge    Tloc/Air       86%        N/A       13%         4
 Anguish                  Hex/Necr       20%        N/A       17%         4
 Brom's Barrelling Bould  Conj/Erth      40%        2d6       17%         4
 Leda's Liquefaction      Hex/Erth       20%        N/A       17%         4
 Ensorcelled Hibernation  Hex/Ice        28%        N/A       19%         2
 Jinxbite                 Hex            28%        N/A       19%         2
 Lesser Beckoning         Tloc           28%        N/A       19%         2
 Momentum Strike          Conj/Tloc      28%        3d8       19%         2
 Call Canine Familiar     Summ           14%        N/A       36%         3
 Confusing Touch          Hex            14%        N/A       36%         3
 Dazzling Flash           Conj/Hex       28%        N/A       36%         3
 Frozen Ramparts          Ice            28%        1d5       36%         3
 Gell's Gravitas          Tloc           14%        N/A       36%         3
 Sigil of Binding         Hex            14%        N/A       36%         3
 Tukima's Dance           Hex            14%        N/A       36%         3
 Fireball                 Conj/Fire      21%        3d10      36%         5
 Silence                  Hex/Air        21%        N/A       36%         5
 Eringya's Noxious Bog    Tmut/Pois      29%        4d6       43%         6
 Irradiate                Conj/Tmut      19%        3d18      50%         5
 Yara's Violent Unravell  Hex/Tmut       19%        3d9       50%         5
 Freezing Cloud           Conj/Ice/Air   16%        6-21      61%         5
 Cause Fear               Hex            7%         N/A       77%         4
 Dimensional Bullseye     Hex/Tloc       7%         N/A       77%         4
 Fulminant Prism          Conj/Hex       7%         3d7       77%         4
 Iskenderun's Mystic Bla  Conj/Tloc      14%        2d5       77%         4
 Manifold Assault         Tloc           14%        N/A       77%         4
 Passage of Golubria      Tloc           14%        N/A       77%         4
 Conjure Ball Lightning   Conj/Air       21%        3x3d6     90%         6
 Starburst                Conj/Fire      21%        6d7       90%         6
 Bombard                  Conj/Erth      20%        9d4       95%         6
 Iskenderun's Battlesphe  Conj           14%        2d7       98%         5
 Summon Forest            Summ/Tloc      7%         N/A       98%         5
 Summon Mana Viper        Hex/Summ       14%        N/A       98%         5
 Summon Cactus Giant      Summ           7%         N/A       100%        6
 Enfeeble                 Hex            7%         N/A       100%        7
 Haunt                    Necr/Summ      20%        N/A       100%        7
 Orb of Destruction       Conj           7%         9d6       100%        7
 Ozocubu's Refrigeration  Ice            7%         4d9       100%        7
 Summon Hydra             Summ           7%         N/A       100%        7
 Borgnjor's Revivificati  Necr           30%        N/A       100%        8
 Discord                  Hex            7%         N/A       100%        8
 Disjunction              Tloc           7%         N/A       100%        8
 Lehudib's Crystal Spear  Conj/Erth      20%        10d6      100%        8
 Maxwell's Capacitive Co  Air            32%        ∞         100%        8
 Chain Lightning          Conj/Air       21%        3d28      100%        9
 Death's Door             Necr           30%        N/A       100%        9
 Fire Storm               Conj/Fire      21%        8d6       100%        9
 Polar Vortex             Ice            7%         N/A       100%        9
 Shatter                  Erth           30%        3d25*     100%        9
 Simulacrum               Ice/Necr       Unusable   N/A       N/A         6

Dungeon Overview and Level Annotations

Branches:
Dungeon (15/15)            Temple (1/1) D:5            Lair (5/5) D:10
 Shoals (4/4) Lair:2        Snake (4/4) Lair:3        Slime (0/5) Lair:5
    Orc (2/2) D:10            Elf (3/3) Orc:2        Vaults (4/5) D:13
  Crypt (0/3) Vaults:2     Depths (4/4) D:15            Zot (0/5) Depths:4
Ossuary (visited)           IceCv (visited)

Altars:
Ashenzari
Cheibriados
Dithmenos
Elyvilon
Fedhas
Gozag
Hepliaklqana
Kikubaaqudgha
Makhleb
Nemelex Xobeh
Okawaru
Qazlal
Ru
Sif Muna
Trog
Uskayaw
Vehumet
Wu Jian
Xom
Yredelemnul
Zin
The Shining One
Jiyva

Shops:
D:2 :   D:5 *   D:6 *   D:11 ?   Orc:2 **[*(   Elf:1 :*::   Lair:1 =
Shoals:1 *   Shoals:2 =   Shoals:3 =   Snake:1 *   Snake:2 ?   Vaults:2 !*

Portals:
Hell: Depths:1 Depths:2 Depths:3 Depths:4
Abyss: Depths:3
Pandemonium: Depths:1 Depths:2
Ziggurat: Depths:4

Annotations:
D:8 shatter or dig here
Shoals:1 3 runed translucent doors, exclusion: obsidian statue, Rivaunt's ghost, adept GnRe
Elf:1 Roxanne
Elf:2 3 runed translucent doors
Vaults:4 1 transporter, Kamets Paeg's ghost, master HuCj
Depths:1 Mara


Innate Abilities, Weirdness & Mutations

You are an undying horror.
Your melee and unarmed attacks drain, slow and weaken victims.
You are immune to unholy pain and torment.
You cannot drink.
((You can breathe blasts of noxious fumes.))
Your lurid green scales are hard. (AC +12)
You cannot fit into any form of body armour.
Your tail ends in a venomous barb.
Your system is resistant to poisons. (rPois)
You are cold-blooded and may be slowed by cold attacks.
You occasionally shout uncontrollably at your foes.


Message History

The starcursed mass is moderately damaged.
The starcursed mass shudders and is absorbed by its neighbour.
The tentacled starspawn bites you.
* * * LOW HITPOINT WARNING * * *
You block the tentacled starspawn's attack.
The tentacled starspawn barely misses you.
The tentacled starspawn tentacle-slaps you but does no damage.
A starcursed mass splits. x2
Unknown command.
Unknown command.
You hit the starcursed mass but do no damage.
You tail-slap the starcursed mass!
The starcursed mass is severely damaged.
The starcursed mass shudders and is absorbed by its neighbour.
A cacophony of accursed wailing tears at your sanity!
* * * LOW HITPOINT WARNING * * *
The starcursed mass misses you.
Unknown command.
Unknown command.
You pummel the starcursed mass!!
The starcursed mass is almost destroyed.
The starcursed mass shudders and is absorbed by its neighbour.
You block the tentacled starspawn's attack. x2
A starcursed mass splits.
The tentacled starspawn bites you but does no damage.
You block the tentacled starspawn's attack.
Unknown command.
Unknown command.
You hit the starcursed mass but do no damage.
The starcursed mass touches you but does no damage.
A cacophony of accursed wailing tears at your sanity!
* * * LOW HITPOINT WARNING * * *
You suddenly lose the ability to move!
The tentacled starspawn bites you.
* * * LOW HITPOINT WARNING * * *
The tentacled starspawn tentacle-slaps you!
* * * LOW HITPOINT WARNING * * *
A starcursed mass splits.
The tentacled starspawn bites you!!
You die...
Your body crumbles into a pile of gold.

## ### #..
..# ###...
._. #
#....#.#....#
##...X.......
...#..$..#
#..#XX$..#


#XXwXX... ..# #zXX#...# ..# ##XX##.##..## XXXX.....# XXXX....~# ########## You
could see 16 starcursed masses, 2 tentacled starspawn and a starspawn tentacle
(distracted).

Vanquished Creatures
  Sojobo (Depths:2)
  Boris (Vaults:4)
  Margery (Depths:4)
  Bai Suzhen (Vaults:4)
  6 caustic shrikes
  3 golden dragons (Depths:4)
  A bone dragon (Abyss:4)
  A profane servitor (Abyss:5)
  the Enchantress (Depths:1)
  Rupert (D:13)
  Jorgrun (D:13)
  A walking crystal tome (Depths:3)
  4 liches
  6 tentacled monstrosities
  2 deep elf blademasters (Elf:3)
  3 quicksilver dragons (Depths:4)
  7 sphinxes
  2 deep elf master archers (Elf:3)
  A shadow dragon (Depths:4)
  Polyphemus (Shoals:3)
  2 krakens
  7 tentacled starspawn
  Ilsuiw (Shoals:3)
  5 storm dragons
  Donald (Shoals:4)
  4 draconian monks (Depths:4)
  6 tengu reavers
  2 deep elf sorcerers (Elf:3)
  A balrug (Depths:1)
  7 nagarajas
  6 frost giants
  16 vault wardens
  2 fire giants (Depths:2)
  Louise (Elf:1)
  6 deep elf elementalists (Elf:3)
  A draconian stormcaller (Depths:4)
  7 spriggan defenders
  2 orc warlords
  2 formless jellyfish
  A juggernaut skeleton (Abyss:3)
  4 war gargoyles
  22 ironbound preservers
  4 draconian annihilators (Depths:4)
  17 very ugly things
  14 stone giants
  3 vampire knights (Depths:3)
  3 green draconians (Depths:4)
  13 ironbound thunderhulks
  16 dire elephants
  The ghost of Kaz Ciaw the Grappler, a journeyman TrSh of Uskayaw (D:13)
  3 black draconians (Depths:4)
  5 deep elf demonologists (Elf:3)
  6 deep elf annihilators
  5 white draconians
  4 red draconians (Depths:4)
  Snorg (Orc:2)
  7 purple draconians (Depths:4)
  6 spark wasps
  10 deep elf death magi (Elf:3)
  7 ettins
  10 fire dragons
  A blizzard demon (Depths:2)
  6 merfolk javelineers
  7 merfolk impalers
  A crystal guardian (Vaults:3)
  3 entropy weavers
  7 great orbs of eyes
  3 deep elf high priests (Elf:3)
  7 hydras
  4 rakshasas
  9 yaktaur captains
  Fannar (D:10)
  12 ice dragons
  Harold (D:10)
  6 peacekeepers
  A hell beast (Depths:2)
  12 vault guards
  8 spriggan air magi
  4 salamander tyrants
  9 anacondas
  3 satyrs
  4 merfolk avatars
  13 ironbound frosthearts
  8 merfolk aquamancers
  9 two-headed ogres
  11 centaur warriors
  4 boulder beetles
  4 catoblepae
  5 deep troll shamans
  5 alligator snapping turtles
  19 dancing weapons
  5 death yaks
  13 naga warriors
  7 tengu warriors
  6 deep troll earth magi
  The ghost of Karim the Martial Artist, a novice GnSh (D:8)
  12 thrashing horrors
  3 orc high priests (Orc:2)
  A soul eater (Depths:3)
  16 naga sharpshooters
  9 shock serpents
  2 sun demons (Depths:3)
  2 vampire magi (Depths:1)
  8 hell knights
  4 spriggan berserkers
  A shadow wraith (Abyss:5)
  6 deep elf knights
  Sonja (D:12)
  3 iron trolls
  10 spriggans
  A spatial maelstrom (Abyss:4)
  2 spectral death yaks (Lair:5)
  4 skysharks
  A spectral anaconda (Lair:5)
  3 sixfirhies
  A fire crab (shapeshifter) (Abyss:5)
  8 sea snakes
  6 skeletal warriors
  9 wretched stars
  2 death drakes
  8 salamander mystics
  4 glowing orange brains
  A golden dragon zombie (Vaults:4)
  60 deep trolls
  4 naga ritualists
  2 flayed ghosts
  2 obsidian statues
  2 spriggan simulacra
  15 deep elf archers
  2 swamp dragons (D:13)
  A tengu zombie (Vaults:4)
  4 bog bodies (IceCv)
  26 ironbound convokers
  10 large abominations
  6 orc knights
  20 deep elf pyromancers
  22 deep elf zephyrmancers
  5 lindwurms
  7 arcanists
  36 ugly things
  A phantasmal warrior (Vaults:3)
  26 harpies
  9 necromancers
  6 mana vipers
  16 manticores
  9 orc sorcerers
  25 fauns
  An oklob plant (Shoals:1)
  A frost giant zombie (Vaults:4)
  10 cyclopes
  24 salamanders
  24 vault sentinels
  21 elephants
  15 naga magi
  11 smoke demons
  4 apocalypse crabs
  4 guardian serpents
  27 black mambas
  15 merfolk sirens
  A torpor snail (Lair:3)
  A centaur skeleton (D:15)
  An elf skeleton (Vaults:2)
  A water nymph (Shoals:4)
  8 cane toads
  14 komodo dragons
  2 kobold blastminers (Orc:2)
  A gargoyle (D:12)
  A hellion (Depths:3)
  15 freezing wraiths (IceCv)
  2 rime drakes (Lair:4)
  2 kobold demonologists
  2 unseen horror zombies (D:8)
  23 yaktaurs
  A redback zombie (D:15)
  A dire elephant skeleton (Lair:5)
  An efreet (Abyss:2)
  3 unseen horrors
  A human skeleton (Vaults:2)
  4 ice devils (IceCv)
  3 anaconda simulacra (IceCv)
  A tengu conjurer (D:15)
  4 catoblepas skeletons (Abyss:5)
  4 ancient zymes
  A golden dragon simulacrum (IceCv)
  A troll (shapeshifter) (D:15)
  An unseen horror skeleton (D:8)
  2 hellwings (Abyss:5)
  5 trolls
  A queen bee (Abyss:5)
  2 meliai (Abyss:5)
  4 polar bears
  24 merfolk
  9 wind drakes
  10 hornets
  7 alligator simulacra (IceCv)
  10 snapping turtles
  9 raiju
  A human simulacrum (Vaults:4)
  13 dream sheep
  4 glass eyes
  A blink frog (shapeshifter) (Abyss:4)
  9 blink frogs (Lair:1)
  A spectral elephant (Lair:5)
  14 slime creatures
  An ettin zombie (Vaults:2)
  4 air elementals
  3 wraiths
  5 flying skulls (Abyss:5)
  2 ynoxinuls
  55 yaks
  29 water elementals
  4 shadows
  5 dire elephant simulacra
  A vampire (Abyss:3)
  A shapeshifter (Abyss:5)
  A wyvern (D:4)
  15 vampire mosquitoes
  An unseen horror simulacrum (D:8)
  3 steam dragons
  3 fire elementals (Elf:2)
  A fire bat (Abyss:5)
  12 humans (D:13)
  2 golden eyes (Elf:3)
  A death yak simulacrum (Lair:5)
  A minotaur simulacrum (Snake:1)
  A basilisk (Abyss:5)
  2 chaos spawn
  3 neqoxecs
  2 redbacks (Vaults:1)
  2 harpy simulacra (IceCv)
  2 small abominations
  52 nagas
  7 wargs
  11 water moccasins
  3 sky beasts
  2 ettin simulacra (IceCv)
  24 orc warriors
  4 black bears
  An ice beast (D:6)
  9 ogres
  2 elephant zombies (Lair:5)
  A swamp drake (D:10)
  An ogre (shapeshifter) (Abyss:5)
  10 centaurs
  4 boggarts
  22 starcursed masses
  3 wolves (Lair:5)
  2 elephant skeletons (Lair:5)
  10 earth elementals
  A kobold brigand (D:8)
  12 bullfrogs
  A gnoll sergeant (D:9)
  2 wyvern zombies (D:8)
  3 scorpions
  6 deep troll simulacra
  10 wights
  6 killer bees (D:9)
  3 lindwurm simulacra (IceCv)
  2 electric eels
  6 howler monkeys
  3 quasits (Abyss:3)
  4 centaur zombies
  7 hounds
  A gnoll bouda (D:8)
  23 orc priests
  4 jellies
  2 sleepcaps
  5 iguanas
  A boggart zombie (D:15)
  19 orc wizards
  4 hell rats (Lair:4)
  A killer bee zombie (D:8)
  2 centaur simulacra
  A boggart simulacrum (D:15)
  8 mummies (Ossuary)
  2 howler monkey zombies (D:8)
  9 gnolls
  An adder (shapeshifter) (Elf:3)
  9 adders
  A howler monkey simulacrum (D:8)
  2 ufetubi (D:7)
  3 worms
  A worm (shapeshifter) (D:14)
  70 orcs
  An orc (shapeshifter) (D:13)
  A ball python (shapeshifter) (Depths:3)
  5 endoplasms
  3 giant cockroaches
  3 gnoll zombies (Ossuary)
  5 goblins
  A hobgoblin (shapeshifter) (Depths:1)
  6 hobgoblins
  2 jackals (D:4)
  3 quokkas
  11 ball pythons
  7 bats
  5 frilled lizards
  11 kobolds
  2 kobold zombies (Ossuary)
  3 orc zombies (Ossuary)
  4 rats
  2 starspawn tentacles (Abyss:5)
  4 tentacles
1976 creatures vanquished.

Vanquished Creatures (collateral kills)
  A merfolk avatar (Shoals:4)
  An ancient zyme (Abyss:5)
  A yaktaur (Vaults:4)
  A meliai (Abyss:5)
  4 humans (D:13)
  4 starcursed masses (Abyss:5)
12 creatures vanquished.

Vanquished Creatures (others)
  A fire giant (Depths:3)
  A deep elf knight (Elf:2)
  A deep elf pyromancer (Elf:2)
  An ugly thing (Depths:3)
  A water elemental (Elf:3)
  A naga (Snake:4)
  A starcursed mass (Abyss:5)
  15 starspawn tentacles
  8 tentacles
30 creatures vanquished.

Grand Total: 2018 creatures vanquished

Notes
Turn   | Place    | Note
-------+----------+-------------------------------------------
     0 | D:1      | Turgor the Draconian Shapeshifter began the quest for the
                  | Orb.
     0 | D:1      | Reached XP level 1. HP: 16/16 MP: 1/1
   190 | D:1      | Reached XP level 2. HP: 23/23 MP: 2/2
   934 | D:2      | Reached XP level 3. HP: 16/29 MP: 3/3
  1190 | D:2      | Found Maroexic's Book Shop.
  1629 | D:3      | Reached XP level 4. HP: 35/36 MP: 4/4
  1693 | D:3      | Reached skill level 4 in Shapeshifting
  1764 | D:3      | Reached XP level 5. HP: 13/42 MP: 5/5
  2635 | D:4      | Reached XP level 6. HP: 45/51 MP: 6/6
  2900 | D:4      | Reached skill level 5 in Shapeshifting
  3189 | D:4      | Noticed a wyvern
  3200 | D:4      | Killed a wyvern
  3201 | D:4      | Your scales start taking on a lurid green colour.
  3201 | D:4      | Reached XP level 7. HP: 49/58 MP: 7/7
  3201 | D:4      | Gained mutation: Your system is resistant to poisons.
                  | (rPois) [Green Draconian growth]
  3709 | D:5      | Entered Level 5 of the Dungeon
  3724 | D:5      | Reached skill level 6 in Shapeshifting
  3895 | D:5      | Reached XP level 8. HP: 49/66 MP: 8/8
  4004 | D:5      | Found Tsejige's Tempting Trifles.
  4038 | D:5      | Reached skill level 7 in Shapeshifting
  4107 | D:5      | Found a staircase to the Ecumenical Temple.
  4116 | Temple   | Entered the Ecumenical Temple
  4129 | Temple   | Became a worshipper of Gozag Ym Sagoz the Greedy
  4454 | D:5      | Reached skill level 5 in Unarmed Combat
  4932 | D:6      | Found Ytun's General Store.
  4937 | D:6      | Bought a scroll of teleportation for 30 gold pieces
  4937 | D:6      | Bought a scroll of amnesia for 40 gold pieces
  4937 | D:6      | Bought a scroll of revelation for 75 gold pieces
  4937 | D:6      | Bought a potion of attraction for 30 gold pieces
  4937 | D:6      | Bought a potion of heal wounds for 50 gold pieces
  5419 | D:7      | Found a glowing silver altar of Zin.
  5428 | D:7      | Reached skill level 8 in Shapeshifting
  5438 | D:7      | Reached skill level 5 in Fighting
  5684 | D:7      | Found a shimmering altar of Xom.
  5702 | D:7      | Reached XP level 9. HP: 62/74 MP: 9/9
  6107 | D:7      | Reached skill level 5 in Dodging
  6668 | D:8      | Reached skill level 9 in Shapeshifting
  6937 | D:8      | Reached XP level 10. HP: 62/84 MP: 10/10
  6959 | D:8      | Found a sand-covered staircase.
  6985 | Ossuary  | Entered an ossuary
  7560 | D:8      | Found a sacrificial altar of Ru.
  7653 | D:8      | Found a runed translucent gate.
  7653 | D:8      | Found a runed translucent gate.
  7653 | D:8      | Found a runed translucent gate.
  7654 | D:8      | Noticed Karim's ghost (novice GnSh)
  7673 | D:8      | Noticed a death yak
  7717 | D:8      | Reached skill level 10 in Shapeshifting
  7839 | D:8      | Found a shimmering blue altar of Sif Muna.
  7846 | D:8      | Found an ancient bone altar of Kikubaaqudgha.
  7848 | D:8      | Found a snail-covered altar of Cheibriados.
  8498 | D:8      | Killed a death yak
  8999 | D:9      | Reached XP level 11. HP: 94/94 MP: 11/11
  9064 | D:9      | Identified the +1 dagger of the Sun {antimagic, rC- Int+4
                  | SInv}
  9091 | D:9      | Reached skill level 11 in Shapeshifting
  9661 | D:9      | Found a blossoming altar of Fedhas.
  9661 | D:9      | Found a sparkling altar of Nemelex Xobeh.
  9698 | D:9      | Found an ornate altar of the Wu Jian Council.
  9742 | D:10     | Entered Level 10 of the Dungeon
  9860 | D:10     | Found a white marble altar of Elyvilon.
 10092 | D:10     | Noticed Fannar
 10109 | D:10     | Killed Fannar
 10532 | D:10     | Noticed a two-headed ogre
 10543 | D:10     | Killed a two-headed ogre
 10750 | D:10     | Found a staircase to the Orcish Mines.
 10963 | D:10     | Found a glowing silver altar of Zin.
 10963 | D:10     | Found a bloodstained altar of Trog.
 11060 | D:10     | Noticed Harold
 11076 | D:10     | Killed Harold
 11116 | D:10     | Found a staircase to the Lair.
 11234 | D:10     | Upgraded the game from 0.31-a0-1096-g246cf0196b to
                  | 0.31-a0-1098-g6898e6545c
 11399 | D:2      | Bought a Trismegistus Codex for 364 gold pieces
 11490 | D:5      | Bought a manual of Transmutations for 1040 gold pieces
 11494 | D:5      | Learned a level 3 spell: Ignite Poison
 11602 | D:11     | Reached skill level 12 in Shapeshifting
 11714 | D:11     | Found Dotifiedgh's Magic Scroll Emporium.
 11718 | D:11     | Bought a scroll of identify for 22 gold pieces
 11718 | D:11     | Bought a scroll of identify for 22 gold pieces
 11718 | D:11     | Bought a scroll of identify for 22 gold pieces
 11749 | D:11     | Reached skill level 1 in Transmutations
 11749 | D:11     | Reached skill level 1 in Poison Magic
 11924 | D:11     | Reached skill level 1 in Spellcasting
 11959 | D:11     | Reached skill level 1 in Fire Magic
 12284 | D:11     | Noticed a two-headed ogre
 12285 | D:11     | Noticed a two-headed ogre
 12442 | D:11     | Identified the +5 whip of the Grave {flame, Str+3}
 12453 | D:11     | Killed a two-headed ogre
 12454 | D:11     | Reached XP level 12. HP: 96/104 MP: 12/14
 12560 | D:11     | Killed a two-headed ogre
 12700 | D:12     | Noticed a two-headed ogre
 12717 | D:12     | Killed a two-headed ogre
 12929 | D:12     | Noticed Sonja
 12984 | Lair:1   | Entered Level 1 of the Lair of Beasts
 13542 | Lair:1   | Reached skill level 5 in Transmutations
 14184 | Lair:2   | Reached skill level 13 in Shapeshifting
 14732 | Lair:2   | Reached skill level 5 in Poison Magic
 14898 | Lair:2   | Reached XP level 13. HP: 100/111 MP: 19/19
 15049 | Lair:2   | Found a staircase to the Shoals.
 15525 | Lair:3   | Reached skill level 5 in Fire Magic
 15627 | Lair:3   | Learned a level 5 spell: Alistair's Intoxication
 15647 | Lair:3   | You fall into a shaft and drop 1 floor!
 16105 | Lair:4   | Reached skill level 5 in Spellcasting
 16982 | Lair:3   | Found a staircase to the Snake Pit.
 16990 | Lair:3   | Reached skill level 14 in Shapeshifting
 18065 | Lair:5   | Entered Level 5 of the Lair of Beasts
 18109 | Lair:5   | Identified the ring "Ateck" {Wiz Str+3 Dex-2 SInv}
 18621 | Lair:5   | Found a viscous altar of Jiyva.
 18621 | Lair:5   | Found a staircase to the Slime Pits.
 19003 | Lair:5   | Noticed a dire elephant
 19003 | Lair:5   | Noticed a dire elephant
 19292 | Lair:5   | Gained mutation: Your tail ends in a venomous barb. [Green
                  | Draconian growth]
 19292 | Lair:5   | Reached XP level 14. HP: 114/118 MP: 23/23
 19419 | Lair:5   | Identified the amulet of Rosm {+Inv rF+ Regen+}
 20164 | Orc:1    | Entered Level 1 of the Orcish Mines
 20271 | Orc:1    | Paralysed by an orc sorcerer for 3 turns
 20279 | Orc:1    | Paralysed by an orc sorcerer for 5 turns
 20397 | Orc:1    | Found a radiant altar of Vehumet.
 20418 | Orc:1    | Noticed an orc warlord
 20483 | Orc:1    | Killed an orc warlord
 20686 | Orc:2    | Entered Level 2 of the Orcish Mines
 20686 | Orc:2    | Noticed Snorg
 20686 | Orc:2    | Found Vuomiseh's Assorted Antiques.
 20698 | Orc:2    | Killed Snorg
 20919 | Orc:2    | Bought a jade ring for 120 gold pieces
 21080 | Orc:2    | Reached skill level 15 in Shapeshifting
 21496 | Orc:2    | Found Iqeschaal's Antique Weapon Boutique.
 21496 | Orc:2    | Found Koas's General Store.
 21498 | Orc:2    | Found Mauhygh's Assorted Antiques.
 21498 | Orc:2    | Found Yrhoj's Antique Armour Shoppe.
 21508 | Orc:2    | Bought a pair of embroidered gloves for 187 gold pieces
 21523 | Orc:2    | Bought a potion of heal wounds for 65 gold pieces
 21523 | Orc:2    | Bought a scroll of teleportation for 39 gold pieces
 21574 | Orc:1    | Noticed an orc warlord
 21653 | Orc:2    | Killed an orc warlord
 21871 | Orc:2    | Paralysed by an orc sorcerer for 2 turns
 21961 | Orc:2    | Found a staircase to the Elven Halls.
 22199 | Lair:1   | Bought a dragon-blood talisman for 720 gold pieces
 22290 | Snake:1  | Entered Level 1 of the Snake Pit
 22410 | Snake:1  | Reached skill level 10 in Fighting
 22433 | Snake:1  | Found Yjotriett's Assorted Antiques.
 22465 | Snake:1  | Found a frozen archway.
 22545 | Snake:1  | Reached XP level 15. HP: 47/126 MP: 27/27
 22809 | IceCv    | Entered an ice cave
 22820 | IceCv    | Reached skill level 10 in Unarmed Combat
 22860 | IceCv    | HP: 8/183 [alligator simulacrum (31)]
 23233 | IceCv    | Found an ancient bone altar of Kikubaaqudgha.
 23913 | IceCv    | Reached skill level 16 in Shapeshifting
 23938 | IceCv    | Noticed a lich
 23942 | IceCv    | Killed a lich
 24017 | IceCv    | Got the Parchment of Decaying Frostbite
 24315 | Snake:1  | Reached skill level 10 in Dodging
 24369 | Snake:1  | Identified the +1 cloak "Miypn" {rC+ Slay+3}
 24703 | Snake:2  | Found Qoug's Magic Scroll Boutique.
 24706 | Snake:2  | Bought 3 scrolls of blinking for 427 gold pieces
 24706 | Snake:2  | Bought a scroll of teleportation for 57 gold pieces
 24706 | Snake:2  | Bought a scroll of teleportation for 57 gold pieces
 24823 | Snake:2  | Reached skill level 1 in Evocations
 25673 | Snake:2  | Noticed a nagaraja
 25680 | Snake:2  | Killed a nagaraja
 25996 | Snake:3  | Identified the +3 chain mail "Nenewe" {Stlth+}
 26504 | Snake:3  | Reached XP level 16. HP: 138/138 MP: 28/28
 26939 | Snake:4  | Entered Level 4 of the Snake Pit
 27061 | Shoals:1 | Entered Level 1 of the Shoals
 27448 | Shoals:1 | Reached skill level 5 in Evocations
 27467 | Shoals:1 | Found a runed translucent gate.
 27468 | Shoals:1 | Found a runed translucent gate.
 27468 | Shoals:1 | Found an opulent altar of Gozag.
 27896 | Shoals:1 | Found a runed translucent gate.
 27929 | Shoals:1 | Noticed Rivaunt's ghost (adept GnRe)
 27930 | Shoals:1 | Found Ustraegh's Assorted Antiques.
 28851 | Shoals:2 | Got the Papyrus of Spellbinding
 28903 | Shoals:2 | Identified a scroll of acquirement
 28904 | Shoals:2 | Acquired 542 gold pieces
 28996 | Shoals:2 | Learned a level 6 spell: Plasma Beam
 29023 | Shoals:2 | Reached skill level 1 in Air Magic
 29234 | Shoals:2 | Found Esavoder's Jewellery Boutique.
 29944 | Shoals:3 | Noticed Ilsuiw
 29953 | Shoals:3 | Killed Ilsuiw
 30214 | Shoals:3 | Reached XP level 17. HP: 146/146 MP: 29/29
 30683 | Shoals:3 | Bought a granite talisman for 1020 gold pieces
 30683 | Shoals:3 | Bought a talisman of death for 1360 gold pieces
 31021 | Shoals:3 | Noticed Polyphemus
 31034 | Shoals:3 | Killed Polyphemus
 31302 | Shoals:3 | Noticed a kraken
 31310 | Shoals:3 | Killed a kraken
 31642 | Shoals:3 | Reached skill level 17 in Shapeshifting
 31861 | Shoals:4 | Entered Level 4 of the Shoals
 31974 | Shoals:4 | Identified the +7 long sword "Laher" {flame, rN+ Int+4}
 32340 | Shoals:4 | Noticed a kraken
 32353 | Shoals:4 | Killed a kraken
 32542 | Shoals:4 | Noticed Donald
 32560 | Shoals:4 | Killed Donald
 32562 | Shoals:4 | Reached skill level 5 in Air Magic
 33224 | Shoals:4 | Got a barnacled rune of Zot
 34586 | Snake:3  | Reached skill level 10 in Evocations
 34730 | Snake:4  | Reached XP level 18. HP: 154/154 MP: 30/30
 35524 | Snake:4  | Identified the +3 trident of Qiw Omp {heavy, rCorr Str+2}
 36124 | Snake:4  | Reached skill level 18 in Shapeshifting
 36357 | Snake:4  | Got a serpentine rune of Zot
 36675 | D:8      | Killed Karim's ghost
 36793 | D:12     | Killed Sonja
 36989 | D:12     | Learned a level 2 spell: Wereblood
 37338 | D:13     | Noticed Rupert
 37338 | D:13     | Noticed Jorgrun
 37338 | D:13     | Found a gate to the Vaults.
 37342 | D:13     | Paralysed by Rupert for 4 turns
 37346 | D:13     | Killed Rupert
 37356 | D:13     | Killed Jorgrun
 37515 | D:13     | Learned a level 5 spell: Borgnjor's Vile Clutch
 37734 | D:13     | Found a runed translucent door.
 37736 | D:13     | Noticed Kaz Ciaw's ghost (journeyman TrSh)
 37749 | D:13     | Killed Kaz Ciaw's ghost
 38006 | D:13     | Reached skill level 19 in Shapeshifting
 38148 | D:13     | Upgraded the game from 0.31-a0-1098-g6898e6545c to
                  | 0.31-a0-1101-g9ad1905e61
 38990 | D:15     | Entered Level 15 of the Dungeon
 39161 | D:15     | Reached XP level 19. HP: 160/160 MP: 31/31
 39530 | D:15     | Found a staircase to the Depths.
 39616 | Vaults:1 | Entered Level 1 of the Vaults
 39770 | Vaults:1 | Learned a level 4 spell: Olgreb's Toxic Radiance
 39881 | Vaults:1 | Reached skill level 20 in Shapeshifting
 41002 | Vaults:1 | Paralysed by a sphinx for 5 turns
 41012 | Vaults:1 | Reached skill level 21 in Shapeshifting
 41892 | Vaults:2 | Identified the +0 pair of gloves of Pleasant Breezes {rElec
                  | rN+ Will+}
 41935 | Vaults:2 | Found Iwulig's Distillery.
 41957 | Vaults:2 | Bought a potion of heal wounds for 75 gold pieces
 41957 | Vaults:2 | Bought 2 potions of curing for 90 gold pieces
 42447 | Vaults:2 | Reached skill level 22 in Shapeshifting
 42667 | Vaults:2 | Reached XP level 20. HP: 168/168 MP: 32/32
 42925 | Vaults:2 | Found a staircase to the Crypt.
 43000 | Vaults:2 | Found Eminge's General Store.
 43004 | Vaults:2 | Bought 2 curare-tipped darts for 48 gold pieces
 43004 | Vaults:2 | Bought a potion of curing for 60 gold pieces
 43664 | Vaults:3 | Reached skill level 1 in Shields
 43939 | Vaults:3 | You fall into a shaft and drop 1 floor!
 44147 | Vaults:4 | Noticed Bai Suzhen
 44162 | Vaults:4 | Killed Bai Suzhen
 44163 | Vaults:4 | Reached skill level 5 in Shields
 44181 | Vaults:4 | Reached skill level 23 in Shapeshifting
 44679 | Vaults:4 | Noticed Boris
 44736 | Vaults:4 | Killed Boris
 45369 | Vaults:4 | Reached skill level 10 in Shields
 45568 | Vaults:4 | Identified the +2 great mace "Cuem" {flame, *Noise rC++
                  | Dex+6}
 45569 | Vaults:4 | Found a transporter.
 45569 | Vaults:4 | Noticed Kamets Paeg's ghost (master HuCj)
 45639 | Vaults:3 | Reached XP level 21. HP: 174/174 MP: 17/33
 47253 | Elf:1    | Entered Level 1 of the Elven Halls
 47401 | Elf:1    | Noticed Roxanne
 47532 | Elf:1    | Noticed Louise
 47538 | Elf:1    | Killed Louise
 47724 | Elf:1    | Got the Compendium of Power
 47958 | Elf:1    | Identified the ring "Xirifon" {Will+ MP+9}
 48024 | Elf:1    | Paralysed by an air elemental for 1 turns
 48204 | Elf:1    | Found Anafise's Book Shop.
 48204 | Elf:1    | Found Zocarib's Book Boutique.
 48205 | Elf:1    | Found Jeinad's Assorted Antiques.
 48210 | Elf:1    | Found Beavy's Book Shop.
 48235 | Elf:1    | Bought a manual of Shields for 1200 gold pieces
 48235 | Elf:1    | Bought an Inescapable Atlas for 240 gold pieces
 48238 | Elf:1    | Bought a manual of Fighting for 1120 gold pieces
 48243 | Elf:1    | Bought a book of Touch for 330 gold pieces
 48248 | Elf:1    | Learned a level 4 spell: Dispel Undead
 48251 | Elf:1    | Learned a level 2 spell: Blink
 48914 | Elf:2    | Found a runed translucent gate.
 48914 | Elf:2    | Found a runed translucent gate.
 48914 | Elf:2    | Found a runed translucent gate.
 49276 | Elf:3    | Entered Level 3 of the Elven Halls
 50038 | Elf:3    | Reached skill level 15 in Shields
 50048 | Elf:3    | Reached XP level 22. HP: 140/189 MP: 18/34
 50048 | Abyss:2  | Cast into level 2 of the Abyss (a deep elf sorcerer)
 50059 | Abyss:2  | Found a corrupted altar of Lugonu.
 50103 | Abyss:3  | Found a corrupted altar of Lugonu.
 50234 | Abyss:3  | Reached skill level 15 in Unarmed Combat
 50365 | Abyss:3  | Paralysed by accursed screaming for 1 turns
 50366 | Abyss:3  | Reached skill level 1 in Earth Magic
 50371 | Abyss:3  | Reached skill level 1 in Necromancy
 50396 | Abyss:3  | Paralysed by accursed screaming for 1 turns
 50400 | Abyss:3  | Paralysed by accursed screaming for 2 turns
 50446 | Abyss:4  | Found an ancient bone altar of Kikubaaqudgha.
 50500 | Abyss:4  | Found an ancient bone altar of Kikubaaqudgha.
 50552 | Abyss:5  | Found a corrupted altar of Lugonu.
 50587 | Abyss:5  | Paralysed by accursed screaming for 1 turns
 50596 | Abyss:5  | Paralysed by accursed screaming for 2 turns
 50625 | Elf:3    | Escaped the Abyss
 50869 | Abyss:5  | Cast into level 5 of the Abyss (a deep elf sorcerer)
 51019 | Abyss:5  | Gained mutation: You occasionally shout uncontrollably at
                  | your foes. [a neqoxec]
 51039 | Abyss:5  | Reached skill level 15 in Fighting
 51063 | Elf:3    | Escaped the Abyss
 51254 | Elf:3    | Identified the +4 rapier "Hyriamp" {pain, *Corrode Int+5
                  | Dex+4}
 51352 | Elf:3    | Identified the staff of the Eight Stars {rPois Int+3
                  | Poison}
 51421 | Elf:3    | Found the sphere of Battle
 51432 | Elf:3    | Identified the ring "Kusuury" {rC+ Str+3}
 51442 | Elf:3    | Identified the ring of the Lotus Blossom {rElec AC+4 Dex+3}
 51474 | Elf:3    | Identified the +1 great mace of Freehold {flame, Drain rN+
                  | Int+4}
 51476 | Elf:3    | Got the Handbook of the Hyperbolic Panacea
 51479 | Elf:3    | Identified the staff "Zuffir" {rPois rN++ Will- Conj}
 51482 | Elf:3    | Identified the +1 plate armour of Good Intentions {-Tele
                  | rN++ Regen+}
 51972 | Depths:1 | Entered Level 1 of the Depths
 52125 | Depths:1 | Found a one-way gate leading to the halls of Pandemonium.
 52504 | Depths:1 | Found a glowing golden altar of the Shining One.
 52576 | Depths:1 | Reached skill level 5 in Earth Magic
 52580 | Depths:1 | Found an iron altar of Okawaru.
 52642 | Depths:1 | Noticed the Enchantress
 52648 | Depths:1 | Reached skill level 5 in Necromancy
 52659 | Depths:1 | Killed the Enchantress
 53043 | Depths:1 | Found a gateway to Hell.
 53082 | Depths:1 | Noticed Mara
 53086 | Depths:1 | Noticed Turgor's illusion
 53111 | Depths:1 | Noticed Turgor's illusion
 53226 | Depths:2 | Reached XP level 23. HP: 201/201 MP: 26/36
 53337 | Depths:2 | Noticed Sojobo
 53352 | Depths:2 | Killed Sojobo
 53353 | Depths:2 | Reached skill level 10 in Spellcasting
 53641 | Depths:2 | Noticed a caustic shrike
 53654 | Depths:2 | Killed a caustic shrike
 53729 | Depths:2 | Noticed a caustic shrike
 53742 | Depths:2 | Paralysed by a sphinx for 5 turns
 53747 | Depths:2 | Killed a caustic shrike
 53824 | Depths:2 | Identified the ring of Starshine {rPois rC+ rN+++ Will+
                  | Slay-6}
 54396 | Depths:3 | Found a one-way gate to the infinite horrors of the Abyss.
 54969 | Depths:3 | Identified the ring "Heteoli" {rPois rC+ Will+ EV+5}
 55049 | Depths:3 | Noticed a caustic shrike
 55058 | Depths:3 | Killed a caustic shrike
 55199 | Depths:3 | Identified the ring "Soligocw" {rC+ rN+ Int+2 Dex+6}
 55200 | Depths:3 | Identified the amulet "Quar" {Spirit rF+}
 55332 | Depths:3 | Identified the amulet "Noamp" {Spirit Will++ Dex+2 Slay-5}
 55433 | Depths:3 | Got the Codex of the Different Birds
 55678 | Depths:4 | Entered Level 4 of the Depths
 55719 | Depths:4 | Found a flickering gateway to a bazaar.
 55806 | Bazaar   | Entered a bazaar
 55841 | Bazaar   | Found Lewo's Antique Weapon Shoppe.
 55873 | Bazaar   | Found Guggufegh's Antique Weapon Shoppe.
 55891 | Bazaar   | Found Kearuhar's Magic Scroll Emporium.
 55896 | Bazaar   | Bought a scroll of blinking for 112 gold pieces
 55896 | Bazaar   | Bought a scroll of enchant armour for 112 gold pieces
 55896 | Bazaar   | Bought a scroll of enchant weapon for 112 gold pieces
 55896 | Bazaar   | Bought a scroll of revelation for 112 gold pieces
 55896 | Bazaar   | Bought a scroll of teleportation for 45 gold pieces
 55981 | Bazaar   | Bought a pitted spear for 184 gold pieces
 55981 | Bazaar   | Identified the +7 spear of Togofral {speed, Str+4 Dex+5}
                  | (You bought it in a shop in a bazaar)
 55981 | Bazaar   | Bought an encrusted long sword for 195 gold pieces
 55981 | Bazaar   | Identified the +2 long sword of Pestilence {pain, MP+9}
                  | (You bought it in a shop in a bazaar)
 56111 | Depths:4 | Found a broken altar of Ashenzari.
 56430 | Depths:4 | Noticed a caustic shrike
 56436 | Depths:4 | Noticed a caustic shrike
 56437 | Depths:4 | Noticed a caustic shrike
 56445 | Depths:4 | Killed a caustic shrike
 56450 | Depths:4 | Killed a caustic shrike
 56451 | Depths:4 | Reached skill level 10 in Fire Magic
 56451 | Depths:4 | Reached skill level 10 in Air Magic
 56453 | Depths:4 | Killed a caustic shrike
 56471 | Depths:4 | Noticed Margery
 56591 | Depths:4 | Found a one-way gateway to a ziggurat.
 56634 | Depths:4 | Killed Margery
 56761 | Depths:4 | Reached XP level 24. HP: 214/214 MP: 30/37
 57773 | Depths:4 | Found a gate to the Realm of Zot.
 57807 | Depths:4 | Upgraded the game from 0.31-a0-1101-g9ad1905e61 to
                  | 0.31-a0-1104-g3bd3108e02
 57813 | Depths:4 | Learned a level 4 spell: Petrify
 57819 | Depths:4 | Learned a level 5 spell: Lee's Rapid Deconstruction
 57868 | Depths:3 | Voluntarily entered the Abyss.
 57871 | Abyss:5  | Found a corrupted altar of Lugonu.
 57886 | Abyss:5  | Found a corrupted altar of Lugonu.
 57919 | Abyss:5  | Found a corrupted altar of Lugonu.
 58102 | Abyss:5  | Found a corrupted altar of Lugonu.
 58120 | Abyss:5  | Got an abyssal rune of Zot
 58121 | Abyss:5  | Paralysed by accursed screaming for 2 turns
 58127 | Abyss:5  | Found a corrupted altar of Lugonu.
 58128 | Abyss:5  | Paralysed by accursed screaming for 2 turns
 58136 | Abyss:5  | Paralysed by accursed screaming for 2 turns
 58137 | Abyss:5  | HP: 8/214 [tentacled starspawn (10)]
 58137 | Abyss:5  | Mangled by a tentacled starspawn

Illustrated notes

Levels and vault maps discovered:
D:1:      lightli_arrival_farm, layout_basic
D:2:      layout_basic, serial_shops, nicolae_book_shop_shelving
D:3:      layout_basic, skrybe_limestone_x, wad_floor_pattern_untrapped
D:4:      layout_cave_pods, kennysheep_generic_room_6
D:5:      layout_cave_pools, minmay_temple_entry_trees, nicolae_alphabet_shops
D:6:      layout_basic, minmay_shop_grid_forest, minmay_between
D:7:      layout_cave_pods, hangedman_feature_mirror
D:8:      argonaut_augean_stables, layout_cave_pools,
          nicolae_overflow_macrodata_refinement, gammafunk_ghost_necromancy,
          enter_ossuary_1, serial_undead, serial_undead_e, serial_undead_b,
          serial_undead_d, serial_undead_c, serial_undead_d, serial_undead_f,
          serial_undead_b, dk_rats_in_the_wall
D:9:      layout_roguey, nicolae_overflow_hidden_temple,
          nicolae_overflow_two_pavilions, david_defended_altar_orc
D:10:     layout_rooms, gammafunk_temple_overflow_pools, elyvilon_altar_5,
          grunt_lair_entry_orc_guard_hut, erik_orc_1, uniq_harold, uniq_fannar
D:11:     layout_cave_pods, serial_shops, shop_scrolls
D:12:     layout_long_grid, uniq_sonja
D:13:     layout_roguey, david_vaults_3, ebering_ghost_inner_flame, pond,
          uniq_jorgrun
D:14:     layout_roguey, serial_bayou_pond_c, chequers_serial_rivers_micro_b
D:15:     grunt_enter_depths_magical_seal, layout_rooms
Temple:   nicolae_temple_ecumenical_triangle
Lair:1:   layout_chaotic_city
Lair:2:   layout_regular_city, nicolae_shoals_entry_roost
Lair:3:   layout_cave_pods, guppyfry_snake_entry_garden, beast_lair_carwin_10
Lair:4:   layout_regular_city
Lair:5:   due_jungle_book, layout_regular_city, dpeg_slime_entry_enclosed
Shoals:1: cheibrodos_shoals_satyrical_garden, layout_shoals,
          ebering_ghost_gozag, dpeg_stationary_puzzle
Shoals:2: layout_shoals, serial_shops, nicolae_diamond_shop
Shoals:3: layout_shoals, nicolae_shoals_shepherds, uniq_ilsuiw, uniq_polyphemus
Shoals:4: shoals_end_hangedman, layout_shoals, uniq_donald
Snake:1:  layout_grid_shapes, portal_ice_cave_entry_ice_simulacra,
          grunt_megastairs_5, minmay_shop_star
Snake:2:  layout_chambers, serial_library_hellmonk_recessed_alcove,
          nicolae_stop_n_shop_2, st_stairs_12
Snake:3:  layout_cave_town
Snake:4:  minmay_snake_end_coiled, layout_cave_town
Orc:1:    layout_diamond_mine, basic_altar
Orc:2:    grunt_orc_tribal_feast, layout_caves, serial_shops, shop_coins,
          uniq_snorg
Elf:1:    minmay_elf_arrival_circle, layout_geoelf_octagon,
          minmay_elf_annihilation, billiards_dpeg, minmay_shoptagon,
          uniq_louise, uniq_roxanne
Elf:2:    elven_hall_of_blades_hangedman_original [nicolae_blade_bullseye],
          layout_geoelf_octagon, serial_sigils, serial_sigils_hangedman_shear,
          serial_sigils_hangedman_etch, serial_sigils_hangedman_shear
Elf:3:    elf_hall, layout_loops_cross
Vaults:1: v_misc_32, nicolae_vaults_little_squares_5, v_misc_26,
          nicolae_vaults_trapezoid_lopsided_1, st_octagons_2,
          nicolae_vaults_ninety_degrees, vaults_room_fours,
          ontoclasm_vaults_pinch, hangedman_vaults_stitches,
          nicolae_vaults_little_squares_6, nicolae_vaults_border_crossing,
          nicolae_vaults_apartment_1, layout_vaults_big_cross
Vaults:2: v_misc_19, vaults_room_mumra_shop_pool, v_pattern_3,
          nicolae_vaults_trapezoid_layered, nicolae_vaults_more_shelving_1,
          grunt_vaults_diagonal, hangedman_vaults_maws, vaults_standard_mumra_x,
          nicolae_vaults_closet_pinwheel_6, nicolae_vaults_ellipses_ellipsis,
          ontoclasm_vaults_tryst, ontoclasm_vaults_fault,
          ontoclasm_vaults_twist, layout_vaults_omnibox, serial_shops,
          nicolae_shop_back_alley_shop
Vaults:3: vaults_room_hallway, nicolae_vaults_prndl, hangedman_vaults_snaps,
          vaults_dpeg_doors, nicolae_vaults_lightning_bolt,
          vaults_standard_mumra_lines, v_alt_pattern_5, vaults_room_fours,
          vaults_room_door_ring, nicolae_vaults_trapezoid_4,
          ontoclasm_vaults_hangar, nicolae_vaults_little_squares_3,
          hangedman_vaults_restitches, nicolae_vaults_tetromino_Z_2,
          hangedman_vaults_nails, layout_vaults_maze_bifur
Vaults:4: gammafunk_ghost_smash, nicolae_vaults_theta,
          hangedman_vaults_restitches, nicolae_vaults_trapezoid_2,
          nicolae_vaults_specimen_jars, nicolae_vaults_house_1,
          vaults_mumra_hex, vaults_standard_mumra_enter_the_diamond,
          nicolae_vaults_double_plus_2, dpeg_vaults_monster_box,
          grunt_vaults_swirl, vaults_dpeg_hooks, vaults_mumra_chevron,
          layout_vaults_big_room, uniq_boris, uniq_bai_suzhen
Depths:1: layout_gridlike, hell_entry, tso_metal_star, grunt_pan_entry_sceptre,
          okawaru_altar_gauntlet_db, grunt_megastairs_2, uniq_enchantress,
          uniq_mara
Depths:2: minmay_fractal_lines_corner, layout_cave_shapes,
          kennysheep_another_room, rand_demon_pan_entry_9, hell_entry,
          grunt_tough_drop, uniq_sojobo
Depths:3: minmay_the_grid_triangle_9x9_rhombus_thin_mashed
          [minmay_the_grid_triangle_9x9_stretched_checkered,
          minmay_the_grid_triangle_9x9_prize_special,
          minmay_the_grid_triangle_9x9_windchime,
          minmay_the_grid_triangle_9x9_descending_squares], layout_basic,
          abyss_entry, hellmouth_1, glass_columns_c, minmay_strange_pillars,
          st_stairs_6
Depths:4: lemuel_castle_with_subvaults [lemuel_castle_interior_carwin_2],
          layout_gridlike, enter_ziggurat_e, roderic_roman_lattice,
          serial_shops, bzr_entry_lakeside, grunt_metal_band, ashenzari_altar_1
Abyss:5:  base: D:14, base: Orc:1, hangedman_abyss_stitches_cave,
          evilmike_abyss_rune_ettins, hangedman_decor_points,
          grunt_abyss_rune_wretched_hive, base: Elf:2, base: Vaults:1,
          bh_silent_lugonu_exit, evilmike_abyss_rune_ettins, base: D:3,
          hangedman_elemental_corridor, hangedman_abyss_overflow_altar,
          hangedman_abyss_rune_flesh_and_stone, bh_abyss_exit_grid,
          hangedman_abyss_rune_flesh_and_stone, evilmike_abyss_exit_15,
          spicy_abyss_helpful_harpoons, nicolae_abyss_rune_star_stuff

Skill      XL: |  1  2  3  4  5  6  7  8  9 10 11 12 13 14 15 16 17 18 19 20 21 22 23 24 |
---------------+-------------------------------------------------------------------------+-----
Dodging        | 2 3 4 5 6 8 9 10 11 12 | 12.0
Fighting       | 2 3 4 5 6 8 9 10 11 12 14 15 17 | 17.5
Shapeshifting  | 4 5 6 8 9 10 12 13 14 15 16 17 19 22 23 | 23.0
Unarmed Combat | 4 5 6 8 9 11 12 13 14 16 17 | 17.2
Transmutations | 2 6 9 |  9.0
Poison Magic   | 2 5 8 9 |  9.0
Spellcasting   | 1 4 6 8 9 10 | 10.5
Fire Magic     | 1 4 6 9 10 | 10.9
Evocations     | 4 8 10 | 10.0
Air Magic      | 2 6 9 10 | 10.9
Shields        | 10 15 | 15.0
Earth Magic    | 6 8 9 |  9.6
Necromancy     | 5 8 9 |  9.6

Action                     |  1- 3 |  4- 6 |  7- 9 | 10-12 | 13-15 | 16-18 | 19-21 | 22-24 || total
---------------------------+-------+-------+-------+-------+-------+-------+-------+-------++-------
  Melee: Unarmed           |   111 |   121 |   331 |   787 |  1360 |  1112 |   655 |  1196 ||  5673
         Tailslap          |    18 |    13 |    58 |   179 |   304 |   225 |   139 |   293 ||  1229
         Punch             |     4 |     4 |       |     1 |    28 |    87 |    32 |       ||   156
         Bite              |       |       |       |       |    59 |   164 |    41 |       ||   264
         Staff             |       |       |       |       |       |       |       |     6 ||     6
  Throw: Dart              |     1 |       |       |       |       |       |     5 |     2 ||     8
   Cast: Alistair's Intoxi |       |       |       |       |    17 |    15 |     3 |       ||    35
         Ignite Poison     |       |       |       |       |     3 |    24 |   148 |    62 ||   237
         Wereblood         |       |       |       |       |       |     1 |     1 |     3 ||     5
         Olgreb's Toxic Ra |       |       |       |       |       |       |   194 |   103 ||   297
         Plasma Beam       |       |       |       |       |       |       |     2 |    14 ||    16
         Borgnjor's Vile C |       |       |       |       |       |       |       |     4 ||     4
         Dispel Undead     |       |       |       |       |       |       |       |     2 ||     2
         Blink             |       |       |       |       |       |       |       |     1 ||     1
 Invoke: Call Merchant     |       |       |       |       |     1 |     1 |       |       ||     2
         Potion Petition   |       |       |       |       |       |       |     3 |    13 ||    16
Ability: Breathe Noxious F |       |       |     3 |     8 |    10 |    64 |    29 |       ||   114
  Evoke: Wand              |       |       |       |    10 |    11 |     5 |     1 |       ||    27
         Phantom mirror    |       |       |       |       |     1 |     2 |     3 |     1 ||     7
         Box of beasts     |       |       |       |       |       |     1 |       |     1 ||     2
    Use: Scroll            |       |     2 |    11 |     7 |    25 |    10 |     5 |     8 ||    68
         Potion            |       |     2 |     1 |     3 |    17 |     5 |    14 |    15 ||    57
   Stab: Sleeping          |       |     3 |       |       |     3 |       |     1 |     2 ||     9
         Distracted        |       |     1 |     3 |     5 |     8 |     8 |     9 |    11 ||    45
         Confused          |       |       |     2 |     5 |    14 |    21 |     4 |       ||    46
         Paralysed         |       |       |       |       |       |     1 |       |       ||     1
         Invisible         |       |       |       |       |       |       |       |    13 ||    13
         Petrifying        |       |       |       |       |       |       |       |     1 ||     1
 Armour: Skin              |    47 |    62 |   202 |   328 |   894 |   943 |   612 |  1206 ||  4294
  Dodge: Dodged            |    62 |    50 |   247 |   525 |  1029 |   668 |   493 |  1014 ||  4088
  Block: Kite shield       |       |       |       |       |       |       |   329 |  1002 ||  1331
         Reflection        |       |       |       |       |       |       |    44 |    22 ||    66
   Form: Flux              |       |     1 |       |       |       |       |       |       ||     1
         Dragon            |       |       |       |       |     2 |       |       |       ||     2
                           |       |       |       |       |     1 |       |       |       ||     1
         Statue            |       |       |       |       |       |       |     1 |     2 ||     3
         Death             |       |       |       |       |       |       |       |     3 ||     3

Table legend: (Time is in decaauts)
 A = Elapsed time spent in this place.
 B = Non-inter-level travel time spent in this place.
 C = Inter-level travel time spent in this place.
 D = Time resting spent in this place.
 E = Time spent auto-exploring this place.
 F = Levels seen in this place.
 G = Mean time per level.
                   A        B        C        D        E       F      G
               +--------+--------+--------+--------+--------+-----+--------+
         Total |  64004 |  60285 |   3719 |   4010 |  38449 |  51 | 1255.0 |
       Dungeon |  16049 |  14464 |   1585 |    910 |   9957 |  15 | 1069.9 |
        Temple |     18 |     14 |      4 |      0 |      0 |   1 |   18.0 |
          Lair |   7490 |   6859 |    631 |    398 |   4788 |   5 | 1498.0 |
        Shoals |   6450 |   6247 |    203 |    880 |   3365 |   4 | 1612.5 |
     Snake Pit |   5874 |   5478 |    396 |    708 |   2325 |   4 | 1468.5 |
  Orcish Mines |   1992 |   1792 |    200 |    211 |    795 |   2 |  996.0 |
   Elven Halls |   5426 |   5139 |    287 |      7 |   4064 |   3 | 1808.7 |
        Vaults |   9139 |   8847 |    292 |     84 |   7044 |   4 | 2284.8 |
        Depths |   8257 |   8139 |    118 |     30 |   5786 |   4 | 2064.2 |
         Abyss |   1245 |   1245 |      0 |     64 |     60 |   6 |  207.5 |
        Bazaar |    336 |    336 |      0 |      0 |     51 |   1 |  336.0 |
       Ossuary |    385 |    385 |      0 |     93 |     18 |   1 |  385.0 |
      Ice Cave |   1337 |   1337 |      0 |    621 |    193 |   1 | 1337.0 |
               +--------+--------+--------+--------+--------+-----+--------+

Top non-repeatable levels by time:
Depths:4: 2813 daAuts
Vaults:4: 2488 daAuts
Vaults:3: 2485 daAuts
Vaults:1: 2267 daAuts
 Snake:4: 2160 daAuts
   Elf:3: 2085 daAuts
   Elf:1: 2032 daAuts
Depths:3: 1993 daAuts
  Lair:5: 1924 daAuts
Vaults:2: 1899 daAuts
    D:10: 1882 daAuts
Shoals:4: 1782 daAuts
Depths:2: 1778 daAuts
  Lair:3: 1752 daAuts
     D:8: 1707 daAuts
